 Dungeon Crawl Stone Soup version 0.28-a0-464-g0687ed57fd (webtiles) character file.

Game seed: 2717258675265142757

644 Akmetra the Chopper (level 7, -4/61 HPs)
             Began as a Hill Orc Cinder Acolyte on Sept 14, 2021.
             Was a High Priest of Ignis.
             Slain by a black bear (5 damage)
             ... on level 4 of the Dungeon.
             The game lasted 00:23:40 (7253 turns).

Akmetra the Chopper (Hill Orc Cinder Acolyte)       Turns: 7253, Time: 00:23:40

Health: -4/61      AC:  6    Str: 17    XL:     7   Next: 52%
Magic:  2/9        EV:  9    Int: 15    God:    Ignis [*****.]
Gold:   134        SH:  7    Dex:  7    Spells: 7/9 levels left

rFire   + + +      SeeInvis .   a - +3 hand axe (flame)
rCold   . . .      Faith    .   g - +0 kite shield
rNeg    . . .      Spirit   .   b - +0 robe
rPois   +          Reflect  .   c - +2 helmet
rElec   .          Harm     .   C - scarf {rC+ rF+}
rCorr   .          Rampage  .   (no gloves)
Will    .....                   k - +0 pair of boots
Stlth   +.........              m - amulet of the acrobat
HPRegen 0.20/turn               f - ring of fire
MPRegen 0.11/turn               l - ring of poison resistance

@: no status effects
A: no striking features
a: Renounce Religion, Sea of Fire, Foxfire Swarm, Rising Flame


You were on level 4 of the Dungeon.
You worshipped Ignis.
Ignis was extremely pleased with you.
You visited 1 branch of the dungeon, and saw 5 of its levels.
You also visited: Sewer.

You collected 134 gold pieces.

Inventory:

Hand Weapons
 a - a +3 hand axe of flaming (weapon)
Armour
 b - a +0 robe (worn)
 c - a +2 helmet (worn)
 g - a +0 kite shield (worn)
 j - a +0 chain mail
 k - a +0 pair of boots (worn)
 C - a scarf of resistance (worn)
 D - a +0 pair of boots
 F - a +0 ring mail of fire resistance
Jewellery
 f - a ring of fire (left hand)
 l - a ring of poison resistance (right hand)
 m - an amulet of the acrobat (around neck)
Wands
 B - a wand of flame (20)
Scrolls
 d - 2 scrolls of immolation
 o - a scroll of fog {unknown}
 p - a scroll of vulnerability {unknown}
 q - a scroll of identify
 r - a scroll of magic mapping
 y - 2 scrolls of teleportation
 E - a scroll of blinking {unknown}
Potions
 e - 2 potions of might {unknown}
 h - 2 potions of degeneration {unknown}
 i - 4 potions of curing
 n - a potion of mutation {unknown}
 s - a potion of haste {unknown}
 t - a potion of berserk rage {unknown}
 u - 2 potions of flight {unknown}
 v - 2 potions of cancellation
 w - a potion of resistance {unknown}
 x - 3 potions of magic {unknown}
 z - a potion of heal wounds {unknown}
 A - a potion of brilliance


   Skills:
 + Level 5.1 Fighting
 * Level 7.3 Axes
 + Level 1.5 Dodging
 + Level 0.9 Stealth
 * Level 3.0 Shields
 + Level 1.9 Spellcasting
 + Level 4.6 Fire Magic


You had 7 spell levels left.
You knew the following spells:

 Your Spells              Type           Power      Damage    Failure   Level
a - Scorch                Fire           46%        2d7       22%         2

Your spell library contained the following spells:

 Spells                   Type           Power      Damage    Failure   Level
 Wereblood                Tmut           1%         N/A       85%         2
 Ignite Poison            Fire/Tmut/Pois 9%         N/A       86%         3
 Blade Hands              Tmut           0%         N/A       100%        5
 Iskenderun's Battlesphe  Conj           1%         2d6       100%        5
 Iron Shot                Conj/Erth      0%         9d1       100%        6
 Spellforged Servitor     Conj/Summ      0%         N/A       100%        7
 Death's Door             Necr           0%         N/A       100%        9


Dungeon Overview and Level Annotations

Branches:
Dungeon (5/15)             Temple (0/1) D:4           Sewer (visited)

Altars:
Nemelex Xobeh

Shops:
D:2 [


Message History

The black bear goes berserk!
You hit the black bear. You burn the black bear.
The black bear is almost dead.
The black bear is no longer more vulnerable to fire.
The black bear bites you!
The black bear claws you but does no damage. x2
The black bear bites you but does no damage.
You block the black bear's attack.
The black bear claws you but does no damage.
You hit the black bear but do no damage.
The black bear is almost dead.
The black bear closely misses you.
The black bear claws you but does no damage.
The black bear claws you. The black bear bites you!
You block the black bear's attack.
The black bear claws you but does no damage.
Your shield prevents you from hitting the black bear.
The black bear is almost dead.
The black bear bites you!
The black bear claws you but does no damage.
The black bear closely misses you. The black bear bites you.
The black bear barely misses you. You block the black bear's attack.
You are too injured to fight recklessly!
Casting: Scorch (safe; 22% risk of failure)
Confirm with . or Enter, or press ? or * to list all spells.
You don't have enough magic to cast this spell.
You closely miss the black bear.
The black bear is almost dead.
The black bear bites you. The black bear misses you.
You block the black bear's attack. x2; The black bear claws you.
* * * LOW HITPOINT WARNING * * *
The black bear claws you.
* * * LOW HITPOINT WARNING * * *
Your magical contamination has completely faded away.
You hit the black bear. You burn the black bear.
The black bear is almost dead.
The black bear bites you!
* * * LOW HITPOINT WARNING * * *
The black bear claws you.
You die...

##..######.................#
#.................#........#
##................##........#
#....###.....................
##......#....................#
####...........................##
.....####......................##
#...## #...###h................#
##..## ##..## ##@...............#
##..###..## ##....###....#...#
###...#...# ##..## ##<..##.#.
.#########################..##...
..8.8.8.8.8.8.8.8.8.8.♣.8...##..#
...........................###.##
#.♣.8.8.8.8.♣.8.8.8.8.8.8..##..#.
##########################.##.#..
#...........####....#####..##...#


You could see a black bear (berserk).

Vanquished Creatures
  A black bear (D:3)
  An ogre (D:4)
  A bullfrog (D:4)
  A water moccasin skeleton (D:4)
  A hound (D:4)
  A centaur skeleton (D:4)
  A bullfrog skeleton (D:4)
  Ijyb (D:4)
  3 hound skeletons (D:4)
  4 gnolls (D:2)
  3 adders
  8 worms
  4 dart slugs
  An orc (D:3)
  10 endoplasms
  5 giant cockroaches
  12 goblins
  3 hobgoblins
  9 jackals
  12 kobolds
  8 quokkas
  8 ball pythons
  6 bats
  11 frilled lizards
  5 rats
120 creatures vanquished.

Vanquished Creatures (others)
  12 plants (Sewer)
12 creatures vanquished.

Grand Total: 132 creatures vanquished

Notes
Turn   | Place    | Note
-------+----------+-------------------------------------------
     0 | D:1      | Akmetra the Hill Orc Cinder Acolyte began the quest for the
                  | Orb.
     0 | D:1      | Reached XP level 1. HP: 19/19 MP: 2/2
    79 | D:1      | Reached XP level 2. HP: 21/27 MP: 3/3
   153 | D:1      | Learned a level 2 spell: Scorch
   322 | D:1      | Found a faded altar of an unknown god.
   486 | D:1      | Reached XP level 3. HP: 33/33 MP: 4/4
  1037 | D:2      | Reached skill level 5 in Axes
  1037 | D:2      | Reached XP level 4. HP: 30/41 MP: 5/5
  2112 | D:2      | Found Hejeirig's Antique Armour Shop.
  2381 | D:2      | Reached XP level 5. HP: 42/47 MP: 3/6
  2748 | D:3      | Reached skill level 1 in Shields
  2809 | D:3      | Found a glowing drain.
  2830 | D:3      | Reached skill level 6 in Axes
  2844 | Sewer    | Entered a sewer
  3491 | Sewer    | Reached skill level 1 in Dodging
  4525 | D:3      | Noticed a black bear
  4540 | D:3      | Killed a black bear
  4541 | D:3      | Reached XP level 6. HP: 14/53 MP: 1/8
  5414 | D:3      | Found a sparkling altar of Nemelex Xobeh.
  5497 | D:4      | Found a staircase to the Ecumenical Temple.
  5775 | D:4      | Got the Collected Works on Doomed Transmigration
  5925 | D:4      | Reached skill level 7 in Axes
  5925 | D:4      | Reached XP level 7. HP: 44/60 MP: 2/9
  6176 | D:4      | Reached skill level 5 in Fighting
  6946 | D:4      | Noticed Ijyb
  6981 | D:4      | Killed Ijyb
  7186 | D:5      | Entered Level 5 of the Dungeon
  7253 | D:4      | HP: 1/61 [black bear (11)]
  7253 | D:4      | Slain by a black bear

Illustrated notes

Levels and vault maps discovered:
D:1:      dpeg_arrival_solitude, layout_loops_ring,
          ebering_ecumenical_altar_sacrificial, minmay_tetromino_s2
D:2:      layout_basic, serial_shops, shop, minmay_vboxes
D:3:      layout_basic, marbit_many_paths, cheibrodos_sewer_entry_sluice,
          kennysheep_cross_room
D:4:      kennysheep_goblin_castle, layout_layer_cave,
          minmay_temple_entry_wispy, chequers_avenue
D:5:      layout_basic, ashenzari_conservatory_becter,
          mainiacjoe_overflow_swirl, lemuel_old_faithful, uniq_eustachio

Skill      XL: |  1  2  3  4  5  6  7 |
---------------+----------------------+-----
Fighting       | 4 5 |  5.1
Axes           | 5 6 7 |  7.3
Shields        | 1 2 3 |  3.0
Dodging        | 1 |  1.5
Fire Magic     | 4 |  4.6
Stealth        | |  0.9
Spellcasting   | |  1.9

Action                   |  1- 3 |  4- 6 |  7- 9 || total
-------------------------+-------+-------+-------++-------
Melee: Hand axe          |    45 |   236 |    54 ||   335
 Cast: Scorch            |     1 |    27 |    13 ||    41
  Use: Scroll            |     1 |     6 |     1 ||     8
       Potion            |       |     2 |       ||     2
 Stab: Sleeping          |       |     1 |       ||     1
Armor: Robe              |    14 |    97 |    22 ||   133
Dodge: Dodged            |    19 |   125 |    40 ||   184
Block: Kite shield       |     3 |    91 |    24 ||   118

Table legend: (Time is in decaauts)
 A = Elapsed time spent in this place.
 B = Non-inter-level travel time spent in this place.
 C = Inter-level travel time spent in this place.
 D = Time resting spent in this place.
 E = Time spent auto-exploring this place.
 F = Levels seen in this place.
 G = Mean time per level.
                   A        B        C        D        E       F      G
               +--------+--------+--------+--------+--------+-----+--------+
         Total |   7586 |   7251 |    335 |      0 |   5408 |   6 | 1264.3 |
       Dungeon |   5868 |   5533 |    335 |      0 |   4553 |   5 | 1173.6 |
         Sewer |   1718 |   1718 |      0 |      0 |    855 |   1 | 1718.0 |
               +--------+--------+--------+--------+--------+-----+--------+

Top non-repeatable levels by time:
     D:4: 1772 daAuts
   Sewer: 1718 daAuts
     D:2: 1652 daAuts
     D:3: 1400 daAuts
     D:1: 1041 daAuts
     D:5: 1 daAuts
